 Dungeon Crawl Stone Soup version 0.30-a0-782-ge64f9170bb (webtiles) character file.

Game seed: 5388535093889830771

3290 kae the Geomancer (level 10, -1/58 HPs)
             Began as a Gargoyle Earth Elementalist on Mar 3, 2023.
             Was an Initiate of Vehumet.
             Slain by a kobold brigand
             ... wielding a +0 whip
              (2 damage)
             ... on level 9 of the Dungeon.
             The game lasted 00:05:52 (7384 turns).

kae the Geomancer (Gargoyle Earth Elementalist)     Turns: 7384, Time: 00:05:53

Health: -1/58      AC: 17    Str: 12    XL:     10   Next: 1%
Magic:  8/18       EV: 11    Int: 24    God:    Vehumet [......]
Gold:   399        SH:  0    Dex:  6    Spells: 10/20 levels left

rFire   . . .      SeeInvis .    d - +4 quarterstaff (venom)
rCold   + . .      Faith    .    (shield currently unavailable)
rNeg    + + .      Spirit   .    a - +0 robe
rPois   ∞          Reflect  .    (no helmet)
rElec   +          Harm     .    u - +1 cloak {Stlth+}
rCorr   .          Rampage  .    h - +1 pair of gloves
Will    +....                    (no boots)
Stlth   ++                       w - amulet of magic regeneration
HPRegen 0.29/turn                n - ring of Fun {rC+ rN+ Will+ Int+4 Dex-4}
MPRegen 0.56/turn                O - +4 ring of protection

@: no status effects
A: sickness immunity, AC +7, negative energy resistance 1, electricity
resistance, torment resistance 1, petrification resistance
a: Renounce Religion


You were on level 9 of the Dungeon.
You worshipped Vehumet.
Vehumet was noncommittal.
You visited 2 branches of the dungeon, and saw 10 of its levels.

You collected 399 gold pieces.


Innate Abilities, Weirdness & Mutations

You are immune to sickness and miasma.
Your stone body is resilient. (AC +7)
You are immune to poison.
You resist negative energy. (rN+)
You are resistant to electric shocks. (rElec)
You are resistant to unholy torment.
You are immune to petrification.


   Skills:
 + Level 4.6 Fighting
 - Level 1.5 Dodging
 - Level 2.1 Stealth
 + Level 5.6 Spellcasting
 * Level 6.9 Transmutations
 * Level 10.5 Earth Magic


You had 10 spell levels left.
You knew the following spells:

 Your Spells              Type           Power      Damage    Failure   Level
a - Sandblast             Erth           100%       2d20      1%          1
b - Stone Arrow           Conj/Erth      62%        3d10      3%          3
c - Petrify               Tmut/Erth      48%        N/A       2%          4
d - Passwall              Tmut/Erth      40%        N/A       1%          2

Your spell library contained the following spells:

 Spells                   Type           Power      Damage    Failure   Level
 Wereblood                Tmut           40%        N/A       1%          2
 Shock                    Conj/Air       24%        1d4       9%          1
 Swiftness                Air            6%         N/A       26%         3
 Airstrike                Air            3%         2d(1-17)  63%         4
 Summon Hydra             Summ           3%         N/A       100%        7
 Sublimation of Blood     Necr           Unusable   N/A       N/A         2

Inventory:

Hand Weapons
 d - a +4 quarterstaff of venom (weapon)
   (You took it off Crazy Yiuf on level 4 of the Dungeon)
 i - a +2 vampiric spear
   (You found it on level 5 of the Dungeon)
Missiles
 s - 98 stones
 B - 4 poisoned darts
 D - a curare-tipped dart {=f}
 G - 3 boomerangs
 H - a throwing net {=f!f}
Armour
 a - a +0 robe (worn)
 h - a +1 pair of gloves (worn)
   (You found it on level 1 of the Dungeon)
 u - a +1 cloak of stealth (worn)
   (You took it off Crazy Yiuf on level 4 of the Dungeon)
Jewellery
 g - an amulet of regeneration
   (You found it on level 5 of the Dungeon)
 n - the ring of Fun (left hand) {rC+ rN+ Will+ Int+4 Dex-4}
   (You found it on level 3 of the Dungeon)

   [ring of protection from cold]

   Int:       It affects your intelligence (+4).
   Dex:       It affects your dexterity (-4).
   rC:        It protects you from cold.
   rN:        It protects you from negative energy.
   Will:      It increases your willpower.
 w - an amulet of magic regeneration (around neck)
   (You found it on level 5 of the Dungeon)
 C - a ring of ice
   (You found it on level 4 of the Dungeon)
 E - a +5 ring of evasion
   (You found it on level 3 of the Dungeon)
 O - a +4 ring of protection (right hand)
   (You found it on level 3 of the Dungeon)
 S - a +6 ring of strength
   (You found it on level 1 of the Dungeon)
 T - an amulet of faith {!P}
   (You found it on level 2 of the Dungeon)
Wands
 j - a wand of iceblast (12)
   (You found it on level 5 of the Dungeon)
 q - a wand of polymorph (11)
   (You found it on level 4 of the Dungeon)
 y - a wand of charming (5)
   (You found it on level 5 of the Dungeon)
 F - a wand of flame (17)
   (You found it on level 8 of the Dungeon)
Scrolls
 e - 3 scrolls of amnesia
 p - 5 scrolls of teleportation {@r4}
 x - 3 scrolls of magic mapping {!r}
 z - a scroll of enchant weapon
 I - 2 scrolls of identify {@r1}
 J - a scroll of poison
 K - a scroll of blinking {unknown}
Potions
 b - a potion of magic
 c - 6 potions of flight
 f - 4 potions of lignification {!q}
 k - 3 potions of curing {unknown}
 l - 2 potions of mutation {!q}
 m - 5 potions of brilliance
 o - 4 potions of ambrosia
 r - 5 potions of might
 t - 3 potions of degeneration {!q}
 v - a potion of cancellation {unknown}
 A - 2 potions of heal wounds {@q2}

Dungeon Overview and Level Annotations

Branches:
Dungeon (9/15) Zot: 26715  Temple (1/1) D:5 Zot: 5834
   Lair: D:8-11         Orc: D:9-12

Altars:
Ashenzari
Cheibriados
Dithmenos
Elyvilon
Fedhas
Gozag
Hepliaklqana
Kikubaaqudgha
Makhleb
Nemelex Xobeh
Okawaru
Qazlal
Ru
Sif Muna
Trog
Uskayaw
Vehumet
Wu Jian
Xom
Yredelemnul
Zin
The Shining One

Shops:
D:3 (   D:8 *

Annotations:
D:3 2 runed translucent doors, mopl's ghost, amateur GrFi
D:8 2 transporters

#..=.#####
#...?....#
.........
##..>....
#......#
#..)o.#
#.)KKo#
#>)@KK#
##..Kc.#
#......#
##......#
###.......#
..........#
..........#
#######...##
#....###


You could see a kobold brigand, a centaur, 2 orcs and 4 kobolds.


Message History

The centaur misses you.
You have reached level 10! 😨 HP[-2]
You now have 58 max hp (+6).
Casting: Sandblast (safe; 1% risk of failure)
Confirm with . or Enter, or press ? or * to list all spells.
Aiming: Sandblast (safe; 1% risk of failure)
Press: ? - help, Shift-Dir - straight line, f - kobold
Aim: a kobold, wielding a +0 club and quivering stones (82% to hit)
The blast of sand misses the kobold.
The centaur hits you but does no damage.
The centaur kicks you but does no damage.
The kobold closely misses you.
The orc hits you from afar with a +0 trident.
* * * LOW HITPOINT WARNING * * *
The kobold hits you but does no damage.
The kobold brigand hits you but does no damage.
The centaur hits you but does no damage.
The centaur misses you. The kobold hits you but does no damage.
The orc misses you. The kobold barely misses you.
The kobold hits you but does no damage. The kobold closely misses you. 😨 HP[-4]
You take 4 damage, and now have 19/58 hp.
Casting: Sandblast (safe; 1% risk of failure)
Confirm with . or Enter, or press ? or * to list all spells.
Aiming: Sandblast (safe; 1% risk of failure)
Press: ? - help, Shift-Dir - straight line, f/p - kobold
Aim: a kobold, wielding a +0 club and quivering stones (82% to hit)
The blast of sand hits the kobold!!!
You kill the kobold!
Vehumet accepts your kill.
The centaur hits you but does no damage.
The centaur closely misses you.
The centaur hits you but does no damage.
The centaur kicks you but does no damage.
The kobold closely misses you. The orc barely misses you.
The kobold hits you but does no damage. The kobold closely misses you.
The kobold completely misses you.
The centaur hits you but does no damage.
The centaur closely misses you. 😨 HP[+1]
Casting: Sandblast (safe; 1% risk of failure)
Confirm with . or Enter, or press ? or * to list all spells.
Aiming: Sandblast (safe; 1% risk of failure)
Press: ? - help, Shift-Dir - straight line, f - kobold
Aim: a kobold, wielding a +0 club and quivering stones (82% to hit)
The blast of sand hits the kobold!!
You kill the kobold!
Vehumet accepts your kill. The centaur hits you.
* * * LOW HITPOINT WARNING * * *
The centaur kicks you but does no damage.
The kobold hits you but does no damage. The orc barely misses you.
The kobold hits you but does no damage. x2
The kobold brigand barely misses you. The centaur hits you.
* * * LOW HITPOINT WARNING * * *
The centaur kicks you but does no damage.
The kobold closely misses you. The orc hits you but does no damage.
The kobold hits you but does no damage. The kobold brigand barely misses you.
The kobold barely misses you.
The orc hits you but does no damage. 😨 HP[-4]
You take 4 damage, and now have 16/58 hp.
Casting: Sandblast (safe; 1% risk of failure)
Confirm with . or Enter, or press ? or * to list all spells.
Aiming: Sandblast (safe; 1% risk of failure)
Press: ? - help, Shift-Dir - straight line, f - orc
Aim: an orc, wielding a +0 mace (85% to hit)
The blast of sand hits the orc!!
You kill the orc!
Vehumet accepts your kill.
The centaur hits you but does no damage.
The centaur closely misses you.
The centaur hits you but does no damage.
The centaur kicks you but does no damage.
The orc hits you from afar with a +0 trident.
* * * LOW HITPOINT WARNING * * *
The kobold hits you but does no damage.
The kobold brigand hits you with a +0 whip.
* * * LOW HITPOINT WARNING * * *
The kobold misses you. The kobold hits you with a +0 club.
* * * LOW HITPOINT WARNING * * *
Casting: Sandblast (safe; 1% risk of failure)
Confirm with . or Enter, or press ? or * to list all spells.
Aiming: Sandblast (safe; 1% risk of failure)
Press: ? - help, Shift-Dir - straight line, f - kobold brigand
Aim: a kobold brigand, wielding a +0 whip and quivering poisoned darts (82% to hit)
The blast of sand hits the kobold brigand!
The centaur closely misses you. The centaur barely misses you.
The kobold misses you. The orc barely misses you. The kobold barely misses you.
The kobold hits you with a +0 dagger.
* * * LOW HITPOINT WARNING * * *
The kobold brigand hits you with a +0 whip.
* * * LOW HITPOINT WARNING * * *
The centaur hits you but does no damage.
The centaur kicks you but does no damage.
The orc closely misses you. The kobold hits you with a +0 club.
* * * LOW HITPOINT WARNING * * *
The kobold barely misses you.
The kobold brigand hits you with a +0 whip.
You die...

Skill      XL: |  1  2  3  4  5  6  7  8  9 |
---------------+----------------------------+-----
Transmutations | 1 2 3 4 5 6 |  6.9
Earth Magic    | 5 6 7 8 10 | 10.5
Spellcasting   | 3 4 5 |  5.6
Fighting       | 1 3 4 |  4.6
Dodging        | |  1.5
Stealth        | |  2.1

Action                     |  1- 3 |  4- 6 |  7- 9 | 10-12 || total
---------------------------+-------+-------+-------+-------++-------
  Melee: Unarmed           |     5 |    23 |     1 |       ||    29
         Quarterstaff      |       |       |    10 |       ||    10
   Cast: Sandblast         |    27 |    78 |   163 |     5 ||   273
         Stone Arrow       |       |       |    33 |       ||    33
    Use: Scroll            |     4 |     1 |    13 |       ||    18
 Armour: Robe              |     1 |    21 |    98 |    26 ||   146
  Dodge: Dodged            |     5 |    23 |   108 |    25 ||   161

Levels and vault maps discovered:
D:1:      roderic_crop_circles_arrival_small, layout_loops_corners,
          ebering_ecumenical_altar_hall, nicolae_figureground_sparkle
D:2:      layout_basic, uniq_sigmund, uniq_robin
D:3:      cheibrodos_old_hovel, layout_basic, ebering_ghost_sewer_f,
          serial_shops, nicolae_shop_waterfront, minmay_misc_feat_chi,
          kennysheep_cluttered_room
D:4:      layout_basic, minivault_11, uniq_crazy_yiuf_cottage
D:5:      layout_layer_cave, minmay_temple_entry_overgrown
D:6:      layout_cave_pools, serial_undead, serial_undead_f, serial_undead_a,
          serial_undead_c, serial_undead_a, serial_undead_c,
          nrook_pool_corridor, uniq_edmund, uniq_duvessa
D:7:      layout_basic, mainiacjoe_overflow_brackets, xom_redecorated,
          chequers_arboretum, dreamdust_princess_bridge
D:8:      layout_cave_pools, nicolae_gozag_zags_fifth_avenue, minitemple,
          nicolae_overflow_squiral, nzn_ghost_randoct, minmay_circle_x
D:9:      layout_layer_cave
Temple:   hellmonk_temple_flake

Notes
Turn   | Place    | Note
-------+----------+-------------------------------------------
     0 | D:1      | kae the Gargoyle Earth Elementalist began the quest for the
                  | Orb.
     0 | D:1      | Reached XP level 1. HP: 10/10 MP: 3/3
     0 | D:1      | magus.rc [v1.11.3]
   151 | D:1      | Reached skill level 1 in Transmutations
   224 | D:1      | Found a faded altar of an unknown god.
   251 | D:1      | Reached XP level 2. HP: 15/15 MP: 1/5
   532 | D:1      | Reached skill level 4 in Earth Magic
  1265 | D:2      | Noticed Sigmund
  1275 | D:2      | Killed Sigmund
  1276 | D:2      | Reached skill level 2 in Transmutations
  1276 | D:2      | Reached skill level 5 in Earth Magic
  1276 | D:2      | Reached XP level 3. HP: 19/19 MP: 0/7
  1276 | D:2      | Reached XP level 4. HP: 24/24 MP: 0/8
  1276 | D:2      | Reached XP level 5. HP: 28/28 MP: 0/9
  1531 | D:2      | Noticed Robin
  1542 | D:2      | Killed Robin
  1543 | D:2      | Reached skill level 3 in Spellcasting
  1670 | D:2      | Reached XP level 6. HP: 32/32 MP: 7/10
  1674 | D:2      | Learned a level 2 spell: Passwall
  1679 | D:2      | Learned a level 4 spell: Petrify
  1683 | D:2      | Learned a level 3 spell: Stone Arrow
  1736 | D:2      | Reached skill level 3 in Transmutations
  2189 | D:3      | Found a runed translucent door.
  2190 | D:3      | Found Yvvideug's Antique Weapon Shoppe.
  2190 | D:3      | Noticed mopl's ghost (amateur GrFi)
  2554 | D:3      | Identified the +1 scale mail of Refuge {rC+ Dex-4 Stlth+}
  2559 | D:3      | Found a runed translucent door.
  2631 | D:3      | Reached skill level 6 in Earth Magic
  2836 | D:3      | Identified the ring of Fun {rC+ rN+ Will+ Int+4 Dex-4}
  3248 | D:4      | Found a runed translucent door.
  3249 | D:4      | Noticed Crazy Yiuf
  3265 | D:4      | Reached XP level 7. HP: 36/36 MP: 9/12
  3416 | D:4      | You pick up a book of Air and begin reading...
  3416 | D:4      | You add the spells Shock, Swiftness and Airstrike to your
                  | library.
  3814 | D:4      | Killed Crazy Yiuf
  3864 | D:5      | Entered Level 5 of the Dungeon
  3911 | D:5      | Found a staircase to the Ecumenical Temple.
  3917 | D:5      | Reached skill level 4 in Transmutations
  3923 | Temple   | Entered the Ecumenical Temple
  4156 | D:5      | Reached skill level 7 in Earth Magic
  5064 | D:6      | Noticed Dowan
  5078 | D:6      | Reached skill level 1 in Fighting
  5078 | D:6      | Reached XP level 8. HP: 43/43 MP: 10/13
  5083 | D:6      | Noticed Duvessa
  5091 | D:6      | Killed Duvessa
  5092 | D:6      | Reached skill level 4 in Spellcasting
  5093 | D:6      | Killed Dowan
  5248 | D:6      | Reached skill level 8 in Earth Magic
  5252 | D:6      | Reached skill level 2 in Fighting
  5252 | D:6      | Reached skill level 5 in Transmutations
  5345 | D:6      | Noticed Edmund
  5354 | D:6      | Killed Edmund
  5854 | D:7      | Reached skill level 3 in Fighting
  5854 | D:7      | Reached XP level 9. HP: 50/50 MP: 10/16
  5903 | D:7      | Found a glowing golden altar of the Shining One.
  5970 | D:7      | Found a shimmering altar of Xom.
  5972 | D:7      | Found a shimmering altar of Xom.
  6010 | D:7      | Reached skill level 9 in Earth Magic
  6359 | D:8      | Found a transporter.
  6385 | D:8      | Reached skill level 6 in Transmutations
  6387 | D:8      | Reached skill level 5 in Spellcasting
  6619 | D:8      | Found an ancient bone altar of Kikubaaqudgha.
  6626 | D:8      | Found a white marble altar of Elyvilon.
  6628 | D:8      | Found a hide-covered altar of Uskayaw.
  6629 | D:8      | Found a hazy altar of Hepliaklqana.
  6631 | D:8      | Found a blossoming altar of Fedhas.
  6683 | D:8      | You pick up a book of Blood and begin reading...
  6683 | D:8      | You add the spells Wereblood and Summon Hydra to your
                  | library.
  6697 | D:8      | Found Gozag's Platinum Reserve.
  6699 | D:8      | Found an opulent altar of Gozag.
  6722 | D:8      | Reached skill level 4 in Fighting
  6724 | D:8      | Noticed a centaur warrior
  6733 | D:8      | Reached skill level 10 in Earth Magic
  6733 | D:8      | Noticed a centaur warrior
  6813 | D:8      | Noticed a two-headed ogre
  6921 | D:8      | Found a transporter.
  6999 | D:8      | Found a glowing silver altar of Zin.
  7000 | D:8      | Found a radiant altar of Vehumet.
  7004 | D:8      | Became a worshipper of Vehumet
  7380 | D:9      | Reached XP level 10. HP: 23/58 MP: 9/18
  7383 | D:9      | HP: 13/58 [orc/+0 trident (4)]
  7384 | D:9      | HP: 5/58 [kobold/+0 dagger (3)]
  7384 | D:9      | HP: 1/58 [kobold/+0 club (3)]
  7384 | D:9      | Slain by a kobold brigand

Vanquished Creatures
  Sigmund (D:2)
  A yak (D:8)
  2 steam dragons (D:8)
  Edmund (D:6)
  An acid dragon (D:9)
  Duvessa (D:6)
  An orc warrior (D:9)
  A hornet zombie (D:6)
  A sky beast (D:7)
  An ogre (D:4)
  A centaur (D:8)
  2 kobold brigands
  A wyvern zombie (D:6)
  A bullfrog (D:8)
  A necrophage (D:5)
  A gnoll sergeant (D:8)
  A scorpion (D:6)
  A wight (D:8)
  Dowan (D:6)
  4 killer bees (D:8)
  A howler monkey (D:6)
  A bullfrog zombie (D:6)
  2 centaur zombies (D:6)
  Crazy Yiuf (D:4)
  A jelly (D:7)
  A gnoll bouda (D:7)
  2 hounds (D:5)
  2 bullfrog skeletons (D:6)
  4 orc priests
  5 iguanas
  10 orc wizards
  Robin (D:2)
  17 gnolls
  7 adders
  2 shadow imps
  2 ufetubi (D:6)
  A worm (D:3)
  2 dart slugs
  24 orcs
  7 ball pythons
  4 endoplasms
  3 giant cockroaches
  11 goblins
  8 hobgoblins
  8 jackals
  22 kobolds
  3 quokkas
  5 bats
  3 frilled lizards
  6 rats
191 creatures vanquished.

Vanquished Creatures (others)
  3 plants (D:1)
  A withered plant (D:6)
4 creatures vanquished.

Grand Total: 195 creatures vanquished

Table legend:
 A = Non-vault XP
 B = Vault XP
 C = Vault XP percentage of total XP
 D = Non-vault monster count
 E = Vault monster count
 F = Vault count percentage of total count
                 A         B        C        D         E       F
            +---------+---------+-------+---------+---------+-------
      Total |    3255 |    1445 |  30.7 |     167 |      24 |  12.6
            +---------+---------+-------+---------+---------+-------
        D:1 |      23 |       0 |   0.0 |      15 |       0 |   0.0
        D:2 |      46 |     260 |  85.0 |      20 |       9 |  31.0
        D:3 |     133 |       4 |   2.9 |      25 |       1 |   3.8
        D:4 |     239 |      44 |  15.5 |      12 |       1 |   7.7
        D:5 |     418 |       0 |   0.0 |      25 |       0 |   0.0
        D:6 |     158 |     809 |  83.7 |       5 |      10 |  66.7
        D:7 |     435 |       0 |   0.0 |      14 |       0 |   0.0
        D:8 |    1403 |     328 |  18.9 |      40 |       3 |   7.0
        D:9 |     400 |       0 |   0.0 |      11 |       0 |   0.0
            +---------+---------+-------+---------+---------+-------

Illustrated notes

Table legend:
 A = Kills in this place as a percentage of kills in entire the game.
 B = Kills by you in this place as a percentage of kills by you in the entire game.
 C = Kills by friends in this place as a percentage of kills by friends in the entire game.
 D = Other kills in this place as a percentage of other kills in the entire game.
 E = Experience gained in this place as a percentage of experience gained in the entire game.
 F = Experience gained in this place divided by the number of levels of this place that you have seen.
                   A       B       C       D       E      F
               +-------+-------+-------+-------+-------+----------------------
         Total | 100.0 | 100.0 |   N/A |   N/A | 100.0 | 470.0
       Dungeon | 100.0 | 100.0 |   N/A |   N/A | 100.0 | 522.2
               +-------+-------+-------+-------+-------+----------------------

Table legend: (Time is in decaauts)
 A = Elapsed time spent in this place.
 B = Non-inter-level travel time spent in this place.
 C = Inter-level travel time spent in this place.
 D = Time resting spent in this place.
 E = Time spent auto-exploring this place.
 F = Levels seen in this place.
 G = Mean time per level.
                   A        B        C        D        E       F      G
               +--------+--------+--------+--------+--------+-----+--------+
         Total |   7521 |   7282 |    239 |     77 |   6157 |  10 |  752.1 |
       Dungeon |   7355 |   7126 |    229 |     77 |   6014 |   9 |  817.2 |
        Temple |    165 |    155 |     10 |      0 |    143 |   1 |  165.0 |
               +--------+--------+--------+--------+--------+-----+--------+

Top non-repeatable levels by time:
     D:2: 1182 daAuts
     D:5: 1045 daAuts
     D:1: 1033 daAuts
     D:3: 888 daAuts
     D:8: 825 daAuts
     D:4: 816 daAuts
     D:6: 805 daAuts
     D:7: 474 daAuts
     D:9: 283 daAuts
  Temple: 165 daAuts
